 Dungeon Sprint DCSS version 0.24-a0-581-gc0fa660 (webtiles) character file.

Game seed: 7186036025845372355

358 silentkaos13 the Changer (level 6, 0/49 HPs)
             Began as a Gnoll Wanderer on Aug 23, 2019.
             Was an Initiate of Sif Muna.
             Slain by a slime creature (13 damage)
             ... in the Dungeon (Sprint I: "Red Sonja").
             The game lasted 00:01:45 (689 turns).

silentkaos13 the Changer (Gnoll Wanderer)            Turns: 689, Time: 00:01:46

Health: 0/49       AC:  2    Str: 15    XL:     6   Next: 64%
Magic:  8/13       EV: 23    Int: 18    God:    Sif Muna [......]
Gold:   311        SH:  0    Dex: 17    Spells: 7/14 levels left

rFire    . . .     SeeInvis .     - Unarmed
rCold    . . .     Gourm    .   (shield currently unavailable)
rNeg     . . .     Faith    .   (armour currently unavailable)
rPois    x         Spirit   .   (helmet currently unavailable)
rElec    .         Reflect  .   (cloak currently unavailable)
rCorr    .         Harm     .   (gloves currently unavailable)
MR       .....     NoTele   +   (boots currently unavailable)
Stlth    +++.......             (no amulet)
HPRegen  0.16/turn              (no ring)
MPRegen  0.13/turn              (no ring)

@: spider-form
A: tiny, distributed training, strong nose
a: End Transformation, Renounce Religion


You were in the Dungeon.
You worshipped Sif Muna.
Sif Muna was noncommittal.
You were not hungry.
You were a venomous arachnid creature.
You visited 1 branch You collected 311 gold pieces.

Inventory:

Hand Weapons
 a - a +0 club
 b - a +3 club (melded)
Armour
 c - a +0 robe (melded)
Scrolls
 d - a scroll of identify {unknown}
 k - a scroll of blinking
Potions
 e - a potion of curing
 g - a potion of heal wounds
 h - a potion of haste
 i - 2 potions of magic
Comestibles
 f - a ration


   Skills:
 + Level 4.6 Fighting
 + Level 4.6 Short Blades
 + Level 4.6 Long Blades
 + Level 4.6 Axes
 + Level 5.4 Maces & Flails
 + Level 4.6 Polearms
 + Level 4.6 Staves
 + Level 4.6 Slings
 + Level 4.6 Bows
 + Level 4.6 Crossbows
 + Level 4.6 Throwing
 + Level 6.6 Armour
 + Level 4.6 Dodging
 + Level 5.3 Stealth
 + Level 5.4 Shields
 + Level 4.6 Unarmed Combat
 + Level 4.6 Spellcasting
 + Level 3.8 Conjurations
 + Level 5.5 Hexes
 + Level 3.8 Charms
 + Level 3.8 Summonings
 + Level 3.8 Necromancy
 + Level 3.8 Translocations
 + Level 6.7 Transmutations
 + Level 3.8 Fire Magic
 + Level 3.8 Ice Magic
 + Level 3.8 Air Magic
 + Level 3.8 Earth Magic
 + Level 3.8 Poison Magic
 + Level 5.1 Invocations
 + Level 4.6 Evocations


You had 7 spell levels left.
You knew the following spells:

 Your Spells              Type           Power        Failure   Level  Hunger
a - Summon Butterflies    Summ           ###.....     10%         1    None
b - Call Canine Familiar  Summ           ###.....     22%         3    ###....
c - Spider Form           Tmut/Pois      ###.......   14%         3    ###....

Your spell library contained the following spells:

 Spells                   Type           Power        Failure   Level  Hunger
 Beastly Appendage        Tmut           ####..       4%          1    None
 Sticks to Snakes         Tmut           ####....     6%          2    #......
 Ice Form                 Ice/Tmut       ###.....     34%         4    ####...
 Blade Hands              Tmut           ####......   45%         5    ######.


Dungeon Overview and Level Annotations

Branches:
Dungeon (1/1)

Altars:
Cheibriados
Dithmenos
Elyvilon
Fedhas
Gozag
Hepliaklqana
Kikubaaqudgha
Makhleb
Okawaru
Qazlal
Ru
Sif Muna
Trog
Uskayaw
Vehumet
Wu Jian
Xom
Yredelemnul
Zin
The Shining One
Jiyva
Lugonu

Shops:
D ?


Innate Abilities, Weirdness & Mutations

Your experience applies equally to all skills.
((You have very sharp teeth.))
Your uncanny sense of smell can sniff out nearby items.


Message History

The slime creature misses you.
Your hound bites the slime creature.
You bite the slime creature!
The slime creature is severely wounded.
Your hound bites the slime creature.
The slime creature barely misses your hound.
You hit the slime creature but do no damage.
The slime creature is severely wounded.
Your hound barely misses the slime creature.
The slime creature hits you!!
* * * LOW HITPOINT WARNING * * *
Your hound bites the slime creature.
You hit the slime creature but do no damage.
The slime creature is severely wounded.
Your hound barely misses the slime creature.
The slime creature completely misses you.
You bite the slime creature!
The slime creature is almost dead.
Your hound barely misses the slime creature.
The slime creature hits you!
You die...

################ ##
#<.#..'..#.)'..#__#∆∆
#..'[.#.)'..#.sJ^.+∆∆
#..#####'#####h#__#
#..# #..#...#.# ##∆∆
#..#__####..##.#
#..#_____##'#_.+
#⌠⌠#_.∩...'..._#
####_..__##_.#'#
∆∆#____ ##+#[#∆∆∆∆
#### ### ∆


You could see a slime creature and a friendly hound.

Vanquished Creatures
  Sigmund (D)
  A yak (D)
  A jelly (D)
  Ijyb (D)
4 creatures vanquished.

Vanquished Creatures (collateral kills)
  An ogre (D)
1 creature vanquished.

Vanquished Creatures (others)
  A gargoyle (D)
1 creature vanquished.

Grand Total: 6 creatures vanquished

Notes
Turn   | Place    | Note
-------+----------+-------------------------------------------
     0 | D        | silentkaos13 the Gnoll Wanderer began the quest for the
                  | Orb.
     0 | D        | silentkaos13 set off with the following items: a +0 club, a
                  | +0 robe, a potion of curing, a ration, a potion of heal
                  | wounds, a potion of haste, 2 potions of magic, a potion of
                  | berserk rage, a scroll of blinking; and the following
                  | spells available to memorise: Beastly Appendage, Sticks to
                  | Snakes, Summon Butterflies, Spider Form, Call Canine
                  | Familiar, Blade Hands, Ice Form
     0 | D        | Reached XP level 1. HP: 13/13 MP: 1/1
     1 | D        | Noticed Ijyb
    10 | D        | Killed Ijyb
    10 | D        | Reached skill level 1 in Fighting
    10 | D        | Reached skill level 1 in Short Blades
    10 | D        | Reached skill level 1 in Long Blades
    10 | D        | Reached skill level 1 in Axes
    10 | D        | Reached skill level 1 in Polearms
    10 | D        | Reached skill level 1 in Staves
    10 | D        | Reached skill level 1 in Slings
    10 | D        | Reached skill level 1 in Bows
    10 | D        | Reached skill level 1 in Crossbows
    10 | D        | Reached skill level 1 in Throwing
    10 | D        | Reached skill level 1 in Dodging
    10 | D        | Reached skill level 1 in Unarmed Combat
    10 | D        | Reached skill level 1 in Spellcasting
    10 | D        | Reached skill level 1 in Conjurations
    10 | D        | Reached skill level 1 in Charms
    10 | D        | Reached skill level 1 in Summonings
    10 | D        | Reached skill level 1 in Necromancy
    10 | D        | Reached skill level 1 in Translocations
    10 | D        | Reached skill level 1 in Fire Magic
    10 | D        | Reached skill level 1 in Ice Magic
    10 | D        | Reached skill level 1 in Air Magic
    10 | D        | Reached skill level 1 in Earth Magic
    10 | D        | Reached skill level 1 in Poison Magic
    10 | D        | Reached skill level 1 in Invocations
    10 | D        | Reached skill level 1 in Evocations
    10 | D        | Reached XP level 2. HP: 22/22 MP: 1/4
    10 | D        | Reached XP level 3. HP: 27/27 MP: 1/5
    62 | D        | Learned a level 1 spell: Summon Butterflies
    66 | D        | Learned a level 3 spell: Call Canine Familiar
   101 | D        | Noticed an ogre
   107 | D        | Killed an ogre
   107 | D        | Reached skill level 5 in Armour
   107 | D        | Reached XP level 4. HP: 34/34 MP: 2/8
   159 | D        | Noticed Sigmund
   170 | D        | Killed Sigmund
   170 | D        | Reached skill level 5 in Hexes
   170 | D        | Reached XP level 5. HP: 7/42 MP: 6/10
   315 | D        | Killed a gargoyle
   420 | D        | Learned a level 3 spell: Spider Form
   430 | D        | Found an ornate altar of the Wu Jian Council.
   430 | D        | Found a shimmering blue altar of Sif Muna.
   432 | D        | Found a radiant altar of Vehumet.
   439 | D        | Reached XP level 6. HP: 34/48 MP: 10/12
   450 | D        | Became a worshipper of Sif Muna the Loreminder
   540 | D        | Found Haecluist's Magic Scroll Emporium.
   540 | D        | Found an ancient bone altar of Kikubaaqudgha.
   540 | D        | Found a hazy altar of Hepliaklqana.
   540 | D        | Found a stormy altar of Qazlal.
   540 | D        | Found a hide-covered altar of Uskayaw.
   540 | D        | Found a blossoming altar of Fedhas.
   540 | D        | Found a bloodstained altar of Trog.
   540 | D        | Found an iron altar of Okawaru.
   540 | D        | Found a basalt altar of Yredelemnul.
   540 | D        | Found a glowing golden altar of the Shining One.
   540 | D        | Found a snail-covered altar of Cheibriados.
   540 | D        | Found a sacrificial altar of Ru.
   540 | D        | Found a glowing silver altar of Zin.
   540 | D        | Found a shadowy altar of Dithmenos.
   540 | D        | Found a white marble altar of Elyvilon.
   540 | D        | Noticed a yak
   541 | D        | Found an opulent altar of Gozag.
   551 | D        | Killed a yak
   551 | D        | Reached skill level 5 in Maces & Flails
   551 | D        | Reached skill level 5 in Stealth
   551 | D        | Reached skill level 5 in Shields
   551 | D        | Reached skill level 5 in Invocations
   680 | D        | Found a burning altar of Makhleb.
   680 | D        | Found a viscous altar of Jiyva.
   680 | D        | Found a shimmering altar of Xom.
   680 | D        | Found a corrupted altar of Lugonu.
   680 | D        | Noticed a slime creature
   689 | D        | Slain by a slime creature

Levels and vault maps discovered:
D:        dungeon_sprint_1 [red_sonja_temple_1, red_sonja_temple_small_1]

Skill      XL: |  1  2  3  4  5  6 |
---------------+-------------------+-----
Fighting       | 1 2 3 4 |  4.6
Short Blades   | 1 2 3 4 |  4.6
Long Blades    | 1 2 3 4 |  4.6
Axes           | 1 2 3 4 |  4.6
Maces & Flails | 3 4 5 |  5.4
Polearms       | 1 2 3 4 |  4.6
Staves         | 1 2 3 4 |  4.6
Slings         | 1 2 3 4 |  4.6
Bows           | 1 2 3 4 |  4.6
Crossbows      | 1 2 3 4 |  4.6
Throwing       | 1 2 3 4 |  4.6
Dodging        | 1 2 3 4 |  4.6
Shields        | 3 4 5 |  5.4
Unarmed Combat | 1 2 3 4 |  4.6
Spellcasting   | 1 2 3 4 |  4.6
Conjurations   | 1 2 3 |  3.8
Hexes          | 4 5 |  5.5
Charms         | 1 2 3 |  3.8
Summonings     | 1 2 3 |  3.8
Necromancy     | 1 2 3 |  3.8
Translocations | 1 2 3 |  3.8
Fire Magic     | 1 2 3 |  3.8
Ice Magic      | 1 2 3 |  3.8
Air Magic      | 1 2 3 |  3.8
Earth Magic    | 1 2 3 |  3.8
Poison Magic   | 1 2 3 |  3.8
Invocations    | 1 3 4 5 |  5.1
Evocations     | 1 2 3 4 |  4.6
Armour         | 5 6 |  6.6
Stealth        | 3 4 5 |  5.3
Transmutations | 6 |  6.7

Action                   |  1- 3 |  4- 6 || total
-------------------------+-------+-------++-------
Melee: Club              |    10 |    12 ||    22
       Bite              |       |     3 ||     3
       Unarmed           |       |    18 ||    18
 Cast: Call Canine Famil |     1 |     2 ||     3
       Spider Form       |       |     2 ||     2
  Use: Potion            |     1 |       ||     1
 Stab: Sleeping          |     1 |     1 ||     2
Armor: Robe              |     1 |       ||     1
Dodge: Dodged            |     4 |    17 ||    21

Table legend:
 A = Non-vault XP
 B = Vault XP
 C = Vault XP percentage of total XP
 D = Non-vault monster count
 E = Vault monster count
 F = Vault count percentage of total count
                 A         B        C        D         E       F
            +---------+---------+-------+---------+---------+-------
      Total |       0 |     512 | 100.0 |       0 |       5 | 100.0
            +---------+---------+-------+---------+---------+-------
          D |       0 |     512 | 100.0 |       0 |       5 | 100.0
            +---------+---------+-------+---------+---------+-------
